 Dungeon Crawl Stone Soup version 0.14.1-26-g5a19342 (webtiles) character file.

23 Kae the Ruffian (level 2, -2/25 HPs)
             Began as a Naga Transmuter on July 31, 2014.
             Slain by a worm (3 damage)
             ... on Level 1 of the Dungeon.
             The game lasted 00:01:14 (841 turns).

Kae the Ruffian (Naga Transmuter)                    Turns: 841, Time: 00:01:14

HP  -2/25        AC  2     Str 17      XL: 2   Next: 41%
MP   4/4         EV 10     Int 13      God:
Gold 9           SH  0     Dex 11      Spells:  1 memorised,  4 levels left

rFire  . . .     SeeInvis +     k - +0 whip
rCold  . . .     Clarity  .     c - +0 robe
rNeg   . . .     Conserve .     (no shield)
rPois  +         rCorr    .     e - +0 helmet
rElec  .         rRot     .     (no cloak)
SustAb . .       Spirit   .     (no gloves)
rMut   .         Warding  .     (no barding)
Saprov . . .     Stasis   .     (no amulet)
MR     .....                    (no ring)
                                (no ring)

@: mighty, very slow, not resistant to hostile enchantments, unstealthy
A: spit poison, see invisible, deformed body, poison resistance, slowness 2
a: Spit Poison


You were on level 1 of the Dungeon.
You were not hungry.

You visited 1 branch of the dungeon, and saw 2 of its levels.

You collected 9 gold pieces.

Inventory:

Hand weapons
 k - a +0,+0 whip (weapon)
Missiles
 b - 12 arrows
Armour
 c - a +0 robe (worn)
 e - a +0 helmet (worn)
Comestibles
 a - a bread ration
Scrolls
 i - a scroll of enchant armour {unknown}
 j - 2 scrolls of blinking {unknown}
 m - a scroll of noise {unknown}
Jewellery
 g - a +4 ring of dexterity {unknown}
 h - an uncursed ring of magical power {unknown}
Potions
 l - a potion of brilliance {unknown}
 n - a potion of resistance {unknown}
Books
 d - a book of Changes

   Spells                             Type                      Level
   *Beastly Appendage                 Transmutation                1
   Sticks to Snakes                   Transmutation                2
   Spider Form                        Transmutation/Poison         3
   Ice Form                           Ice/Transmutation            4
   Blade Hands                        Transmutation                5


   Skills:
 - Level 1.0 Fighting
 - Level 1.5 Dodging
 * Level 3.4 Unarmed Combat
 - Level 2.0 Spellcasting
 + Level 2.4 Transmutations


You had 4 spell levels left.
You knew the following spells:

 Your Spells              Type           Power        Failure   Level  Hunger
a - Beastly Appendage     Trmt           #.....       12%         1    ##.....


Dungeon Overview and Level Annotations

Branches:
Dungeon (2/15)

Altars:


Innate Abilities, Weirdness & Mutations

You cannot wear boots.
You can spit poison.
You have supernaturally acute eyesight.
Armour fits poorly on your strangely shaped body.
Your system is resistant to poisons.
You cover ground very slowly.


Message History

Unknown command.
You barely miss the kobold. The bat hits you. The kobold hits you.
The bat hits you. The goblin hits you. The kobold hits you but does no damage.
The worm bites you!
* * * LOW HITPOINT WARNING * * *
You climb upwards.
There is a stone staircase leading down here.
Unknown command.
Read which item? (? for menu, Esc to quit)
Okay, then.
Drink which item? (? for menu, Esc to quit)
You feel very mighty all of a sudden.
It was a potion of might.
The kobold closely misses you. The goblin misses you.
You closely miss the goblin. The kobold misses you.
The goblin hits you but does no damage. The worm bites you.
* * * LOW HITPOINT WARNING * * *
You whack the goblin!
You kill the goblin!
The kobold closely misses you. The worm bites you.
You die...

#....# #....# #....########
#....#......# ##########
#....#......# #.)......#
#....#.....(# #........#
#....#......#
#........#########...(#......###
#..............@K...............
#..............w................
#........#######..............##
##........#### #..............#
.#...........# #..............#
.#...........####.......###.##.##
.##..............................
.##.......##.####................
.##.......##.########...###.##.##


You could see a worm and a kobold.

Vanquished Creatures
  2 giant cockroaches (D:1)
  2 goblins (D:1)
  3 kobolds (D:1)
  5 bats (D:1)
  A rat (D:1)
13 creatures vanquished.

Notes
Turn   | Place    | Note
--------------------------------------------------------------
     0 | D:1      | Kae, the Naga Transmuter, began the quest for the Orb.
     0 | D:1      | Reached XP level 1. HP: 18/18 MP: 3/3
   470 | D:1      | Reached XP level 2. HP: 20/25 MP: 4/4
   840 | D:1      | HP: 1/25 [worm (5)]
   841 | D:1      | Slain by a worm

Action                   || total
-------------------------++-------
Melee: Unarmed           ||    29
       Whip              ||    34
 Cast: Beastly Appendage ||     1
  Use: Potion            ||     1
